 Dungeon Crawl Stone Soup version 0.13.1-28-g3517093 (console) character file.

258 Lucky the Chopper (level 5, -4/47 HPs)
             Began as a Hill Orc Berserker on Mar 15, 2014.
             Was a Believer of Trog.
             Killed from afar by an orc wizard (7 damage)
             ... with a magic dart
             ... on Level 6 of the Dungeon.
             The game lasted 00:04:34 (483 turns).

Lucky the Chopper (Hill Orc Berserker)               Turns: 483, Time: 00:04:34

HP  -4/47        AC  2     Str 20      XL: 5   Next: 95%
MP   4/4         EV 12     Int  7      God: Trog [**....]
Gold 40          SH  0     Dex 11      Spells:  0 memorised,  4 levels left

Res.Fire  : . . .   See Invis. : +   a - +0 orc hand axe {=f}
Res.Cold  : . . .   Warding    : .   b - +0 animal skin
Life Prot.: . . .   Conserve   : .   (no shield)
Res.Poison: .       Res.Corr.  : .   (no helmet)
Res.Elec. : .       Clarity    : .   (no cloak)
Sust.Abil.: . .     Spirit.Shd : .   (no gloves)
Res.Mut.  : .       Stasis     : .   (no boots)
Res.Rott. : .       Flight     : .   (no amulet)
Saprovore : + . .                    (no ring)
                                     m - ring of see invisible {unknown}

@: invisible, exhausted, very slightly contaminated, slowed, very slow, slightly
resistant to hostile enchantments, unstealthy
A: saprovore 1
a: Burn Spellbooks, Berserk, Trog's Hand, Renounce Religion


You were on level 6 of the Dungeon.
You worshipped Trog.
Trog was pleased with you.
You were very hungry.

You visited 1 branch of the dungeon, and saw 6 of its levels.

You collected 20 gold pieces.

Inventory:

Hand weapons
 a - a +0,+0 orcish hand axe (weapon) {=f}
Armour
 b - a +0 animal skin (worn)
Comestibles
 c - a meat ration
 i - a bread ration
Scrolls
 d - a scroll of fog {unknown}
 f - a scroll of enchant armour {unknown}
 k - a scroll of remove curse
Jewellery
 m - a ring of see invisible (left hand) {unknown}
Potions
 h - a potion of flight


   Skills:
 + Level 4.8 Fighting
 * Level 6.8 Axes
 + Level 3.5 Armour
 - Level 1.5 Dodging


You had 4 spell levels left.
You didn't know any spells.

Dungeon Overview and Level Annotations

Branches:
Dungeon (6/27)
 Temple: D:4-7          Orc: D:6-11

Altars:
Vehumet
Zin


Innate Abilities, Weirdness & Mutations

You can tolerate rotten meat.


Message History

You are feeling very hungry.
The orc wizard misses you.
You swing at nothing.
The orc wizard hits you with an orcish dagger.
* * * LOW HITPOINT WARNING * * *
Drink which item? (? for menu, Esc to quit)
Okay, then.
Unknown command.
You're too confused!
The orc wizard points at you and mumbles some strange words.
You resist.
Drink which item? (? for menu, Esc to quit)
You fade into invisibility!
The orc wizard barely misses you.
You are very lightly contaminated with residual magic.
You swing at nothing.
You feel less confused. The orc wizard casts a spell at you.
The magic dart hits you!
You die...

... #$... #..( . . #...
..#.. #..
###..#+###.......
#.....#..#... .......
........... .....#
.###...#..# .....# #
........@o#####'#..#.#.#.
.###.###.................
#.###.................
#.....<.######..#.#.#.
......#.))....##..#.#...
....##...............$.
.... #.#.....##..#..... .
#.......+.......#.
###.....##......#


You could see an orc wizard.

Vanquished Creatures
  An orc warrior (D:6)
  A crimson imp (D:5)
  A worker ant (D:5)
  3 adders
  An inept feature mimic (D:5)
  5 orcs
  4 bats
  A bat skeleton (D:5)
  A goblin (D:4)
  4 hobgoblins
  3 jackals (D:4)
  A giant newt (D:4)
  A jackal skeleton (D:4)
  A quokka skeleton (D:4)
  4 rats (D:2)
32 creatures vanquished.

Notes
Turn   | Place    | Note
--------------------------------------------------------------
     0 | D:1      | Lucky, the Hill Orc Berserker, began the quest for the Orb.
     0 | D:1      | Reached XP level 1. HP: 19/19 MP: 0/0
    52 | D:2      | Reached XP level 2. HP: 19/26 MP: 1/1
    59 | D:2      | Found a glowing silver altar of Zin.
   130 | D:4      | Found a radiant altar of Vehumet.
   137 | D:4      | Reached XP level 3. HP: 33/33 MP: 2/2
   150 | D:4      | Reached skill level 5 in Axes
   168 | D:4      | Acquired Trog's second power
   254 | D:5      | Entered Level 5 of the Dungeon
   265 | D:5      | Reached XP level 4. HP: 36/40 MP: 3/3
   391 | D:5      | Reached skill level 6 in Axes
   391 | D:5      | Reached XP level 5. HP: 39/46 MP: 4/4
   411 | D:6      | Noticed an orc warrior
   474 | D:6      | Killed an orc warrior
   483 | D:6      | Killed from afar by an orc wizard

Action                   |  1- 3 |  4- 6 || total
-------------------------+-------+-------++-------
Melee: Hand axe          |    58 |    23 ||    81
Invok: Berserk           |     2 |     3 ||     5
       Trog's Hand       |       |     3 ||     3
  Use: Scroll            |       |     4 ||     4
       Potion            |       |     1 ||     1
